TOP OF THE 1ST |
Hartford Darth Whalers batting - Pitching for Elkins Sting Rays : LHP Mario Lugo
|
Pitching: LHP Mario Lugo
|
|
Batting: LHB Ryan Billman
|
0-0: Foul Ball, location: 2F 0-1: Ball 1-1: Swinging Strike 1-2: Ball 2-2: Fly out, F6 (Line Drive, 6)
|
Batting: RHB Chester Mullins
|
0-0: Called Strike 0-1: Foul Ball, location: 2F 0-2: Ball 1-2: Ball 2-2: Ball 3-2: Ground out 5-3 (Groundball, 56)
|
Batting: RHB Raúl Flores
|
0-0: SINGLE (Groundball, 4MD)
|
Batting: RHB Ryan Thrippleton
|
0-0: Called Strike 0-1: Called Strike 0-2: Ball 1-2: Ball Pickoff Throw to First - Out!
|
Top of the 1st over - 0 run(s), 1 hit(s), 0 error(s), 0 left on base; Hartford 0 - Elkins 0 |
BOTTOM OF THE 1ST |
Elkins Sting Rays batting - Pitching for Hartford Darth Whalers : RHP Carlos Bojórquez
|
Pitching: RHP Carlos Bojórquez
|
|
Batting: RHB Brandon Townsley
|
0-0: Foul Ball, location: 2F 0-1: SINGLE (Groundball, 4D)
|
Batting: RHB Alfonso Sánchez
|
0-0: Ball 1-0: Swinging Strike 1-1: Ball 2-1: Foul Ball, location: 2F 2-2: Grounds into double play, 5-4-3 (Groundball, 56)
|
Batting: SHB Ángel González
|
0-0: Called Strike 0-1: Ball 1-1: Ball 2-1: SINGLE (Groundball, 3D)
|
Batting: SHB Hang-ki Yue
|
0-0: Swinging Strike 0-1: Reached on error, E4 (Popup, 34) Ángel González to second
|
Batting: RHB John Hall
|
0-0: Ball 1-0: Swinging Strike 1-1: Ball 2-1: Ball 3-1: Foul Ball, location: 2F 3-2: Base on Balls Ángel González to third Hang-ki Yue to second
|
Batting: RHB Juan Jose López
|
0-0: SINGLE (Groundball, 56D) Ángel González scores Hang-ki Yue to third John Hall to second Runner from 3rd tries for Home, SAFE, no throw
|
Batting: RHB Tony Pulla
|
0-0: Foul Ball, location: 2F 0-1: Called Strike 0-2: Ball 1-2: Ground out 5-3 (Groundball, 56S)
|
Bottom of the 1st over - 2 run(s), 3 hit(s), 1 error(s), 2 left on base; Hartford 0 - Elkins 2 |
TOP OF THE 2ND |
Hartford Darth Whalers batting - Pitching for Elkins Sting Rays : LHP Mario Lugo
|
Batting: RHB Ryan Thrippleton
|
0-0: SINGLE (Groundball, 56S) (infield hit)
|
Batting: LHB Pancho Hernández
|
0-0: Called Strike 0-1: Called Strike 0-2: Ball 1-2: Ball 2-2: Foul Ball, location: 2F 2-2: Ball 3-2: Ground out 6-3 (Groundball, 6S) Ryan Thrippleton to second
|
Batting: RHB Lou Hammond
|
0-0: Called Strike 0-1: Foul Ball, location: 2F 0-2: Ball 1-2: Ball 2-2: Ball 3-2: Ground out 4-3 (Groundball, 4) Ryan Thrippleton to third
|
Batting: LHB Alejandro Gómez
|
0-0: Called Strike 0-1: Fly out, F7 (Flyball, 7LSF)
|
Top of the 2nd over - 0 run(s), 1 hit(s), 0 error(s), 1 left on base; Hartford 0 - Elkins 2 |
BOTTOM OF THE 2ND |
Elkins Sting Rays batting - Pitching for Hartford Darth Whalers : RHP Carlos Bojórquez
|
Batting: RHB Juan González
|
0-0: Ball 1-0: Fly out, F7 (Flyball, 78XD)
|
Batting: LHB Freddy Torres
|
0-0: Ball 1-0: Foul Ball, location: 2F 1-1: Ball 2-1: Ground out 4-3 (Groundball, 4MS)
|
Batting: RHB Brandon Townsley
|
0-0: Ball 1-0: Ground out 6-3 (Groundball, 6MS)
|
Bottom of the 2nd over - 0 run(s), 0 hit(s), 0 error(s), 0 left on base; Hartford 0 - Elkins 2 |
TOP OF THE 3RD |
Hartford Darth Whalers batting - Pitching for Elkins Sting Rays : LHP Mario Lugo
|
Batting: RHB Jonathan Holden
|
0-0: Ball 1-0: Ball 2-0: Fly out, F4 (Line Drive, 4)
|
Batting: LHB Bill Poe
|
0-0: Ball 1-0: Called Strike 1-1: SINGLE (Groundball, 56D)
|
Batting: LHB Ryan Billman
|
0-0: Called Strike 0-1: Ball 1-1: Called Strike 1-2: Ball 2-2: Strikes out swinging Bill Poe steals 2nd base Batter strikes out.
|
Batting: RHB Chester Mullins
|
0-0: Ball 1-0: Ground out 1-3 (Groundball, 15)
|
Top of the 3rd over - 0 run(s), 1 hit(s), 0 error(s), 1 left on base; Hartford 0 - Elkins 2 |
BOTTOM OF THE 3RD |
Elkins Sting Rays batting - Pitching for Hartford Darth Whalers : RHP Carlos Bojórquez
|
Batting: RHB Alfonso Sánchez
|
0-0: Called Strike 0-1: Foul Ball, location: 2F 0-2: Foul Ball, location: 2F 0-2: Ball 1-2: Foul Ball, location: 2F 1-2: Ball 2-2: Ball 3-2: Ground out U3 (Groundball, 34)
|
Batting: SHB Ángel González
|
0-0: SINGLE (Groundball, 4) (infield hit)
|
Batting: SHB Hang-ki Yue
|
0-0: Foul Ball, location: 2F 0-1: Ball 1-1: Called Strike 1-2: Strikes out swinging
|
Batting: RHB John Hall
|
0-0: Ball 1-0: Ball 2-0: Fly out, F9 (Flyball, 9S)
|
Bottom of the 3rd over - 0 run(s), 1 hit(s), 0 error(s), 1 left on base; Hartford 0 - Elkins 2 |
TOP OF THE 4TH |
Hartford Darth Whalers batting - Pitching for Elkins Sting Rays : LHP Mario Lugo
|
Batting: RHB Raúl Flores
|
0-0: Ball 1-0: Swinging Strike 1-1: Ball 2-1: Foul Ball, location: 2F 2-2: Ball 3-2: Foul Ball, location: 2F 3-2: Ground out 4-3 (Groundball, 4M)
|
Batting: RHB Ryan Thrippleton
|
0-0: Called Strike 0-1: Fly out, F5 (Popup, 56S)
|
Batting: LHB Pancho Hernández
|
0-0: SINGLE (Groundball, 34D)
|
Batting: RHB Lou Hammond
|
0-0: Ball 1-0: Called Strike 1-1: Ball 2-1: Called Strike 2-2: Ball 3-2: Foul Ball, location: 2F 3-2: Foul Ball, location: 2F 3-2: Strikes out swinging
|
Top of the 4th over - 0 run(s), 1 hit(s), 0 error(s), 1 left on base; Hartford 0 - Elkins 2 |
BOTTOM OF THE 4TH |
Elkins Sting Rays batting - Pitching for Hartford Darth Whalers : RHP Carlos Bojórquez
|
Batting: RHB Juan Jose López
|
0-0: Ball 1-0: DOUBLE (Line Drive, 5D)
|
Batting: RHB Tony Pulla
|
0-0: Called Strike 0-1: Ball 1-1: Swinging Strike 1-2: Ball 2-2: SINGLE (Flyball, 7S) Juan Jose López to third
|
Batting: RHB Juan González
|
0-0: Ball 1-0: Ball 2-0: Grounds into double play, 5-4-3 (Groundball, 5L) Juan Jose López scores
|
Batting: LHB Freddy Torres
|
0-0: Ball 1-0: Foul Ball, location: 2F 1-1: SOLO HOME RUN (Flyball, 9D), Distance : 372 ft
|
Batting: RHB Brandon Townsley
|
0-0: Ball 1-0: Ball 2-0: Called Strike 2-1: Foul Ball, location: 2F 2-2: Foul Ball, location: 2F 2-2: Foul Ball, location: 2F 2-2: Ball 3-2: Foul Ball, location: 2F 3-2: Ground out 5-3 (Groundball, 56)
|
Bottom of the 4th over - 2 run(s), 3 hit(s), 0 error(s), 0 left on base; Hartford 0 - Elkins 4 |
TOP OF THE 5TH |
Hartford Darth Whalers batting - Pitching for Elkins Sting Rays : LHP Mario Lugo
|
Batting: LHB Alejandro Gómez
|
0-0: Ball 1-0: Called Strike 1-1: Foul Ball, location: 2F 1-2: Strikes out looking
|
Batting: RHB Jonathan Holden
|
0-0: Called Strike 0-1: Ball 1-1: Foul Ball, location: 2F 1-2: Foul Ball, location: 2F 1-2: Ball 2-2: Foul Ball, location: 2F 2-2: Ground out U3 (Groundball, 3)
|
Batting: LHB Bill Poe
|
0-0: Ball 1-0: Swinging Strike 1-1: Ball 2-1: Swinging Strike 2-2: Strikes out swinging
|
Top of the 5th over - 0 run(s), 0 hit(s), 0 error(s), 0 left on base; Hartford 0 - Elkins 4 |
BOTTOM OF THE 5TH |
Elkins Sting Rays batting - Pitching for Hartford Darth Whalers : RHP Carlos Bojórquez
|
Batting: RHB Alfonso Sánchez
|
0-0: Fly out, F8 (Flyball, 89M)
|
Batting: SHB Ángel González
|
0-0: Called Strike
|
|
|
|
0-1: Ball 1-1: Called Strike 1-2: Foul Ball, location: 2F 1-2: Foul Ball, location: 2F 1-2: Ball 2-2: SINGLE (Flyball, 89S)
|
Batting: SHB Hang-ki Yue
|
0-0: Swinging Strike 0-1: Ball 1-1: Ball 2-1: Foul Ball, location: 2F 2-2: Ball 3-2: Foul Ball, location: 2F 3-2: Fly out, F8 (Flyball, 8LM)
|
Pitching: LHP Michael Young
|
|
Batting: RHB John Hall
|
0-0: Called Strike 0-1: Ball 1-1: DOUBLE (Line Drive, 9LM) Ángel González to third Runner from 3rd tries for Home, SAFE, no throw
|
Batting: RHB Juan Jose López
|
0-0: Called Strike 0-1: Ball 1-1: Fly out, F3 (Line Drive, 34)
|
Bottom of the 5th over - 1 run(s), 2 hit(s), 0 error(s), 1 left on base; Hartford 0 - Elkins 5 |
TOP OF THE 6TH |
Hartford Darth Whalers batting - Pitching for Elkins Sting Rays : LHP Mario Lugo
|
Batting: LHB Ryan Billman
|
0-0: Swinging Strike 0-1: Ball 1-1: Ground out 4-3 (Groundball, 4)
|
Pitching: LHP Cisco Sánchez
|
|
Batting: RHB Chester Mullins
|
0-0: Ball 1-0: Hit by Pitch
|
Batting: RHB Raúl Flores
|
0-0: Called Strike 0-1: Fly out, F4 (Popup, 34)
|
Batting: RHB Ryan Thrippleton
|
0-0: Called Strike 0-1: Ball 1-1: Ball 2-1: Ground out 5-3 (Groundball, 56S)
|
Top of the 6th over - 0 run(s), 0 hit(s), 0 error(s), 1 left on base; Hartford 0 - Elkins 5 |
BOTTOM OF THE 6TH |
Elkins Sting Rays batting - Pitching for Hartford Darth Whalers : LHP Michael Young
|
Batting: RHB Tony Pulla
|
0-0: Foul Ball, location: 2F 0-1: Foul Ball, location: 2F 0-2: Strikes out swinging
|
Batting: RHB Juan González
|
0-0: Ball 1-0: Foul Ball, location: 2F 1-1: Foul Ball, location: 2F 1-2: Ball 2-2: Ball 3-2: Base on Balls
|
Batting: LHB Freddy Torres
|
0-0: Foul Ball, location: 2F 0-1: Foul Ball, location: 2F 0-2: Ball 1-2: Fly out, F7 (Line Drive, 7S)
|
Batting: RHB Brandon Townsley
|
0-0: Foul Ball, location: 2F 0-1: Ball 1-1: Ball 2-1: Called Strike 2-2: SINGLE (Groundball, 4S) (infield hit) Juan González to second
|
Batting: RHB Alfonso Sánchez
|
0-0: Ball 1-0: Ball 2-0: Ball 3-0: Base on Balls Juan González to third Brandon Townsley to second
|
Batting: SHB Ángel González
|
0-0: Ball 1-0: Called Strike 1-1: TRIPLE (Flyball, 78D) Juan González scores Brandon Townsley scores Alfonso Sánchez scores
|
Batting: SHB Hang-ki Yue
|
0-0: Called Strike 0-1: Called Strike 0-2: Ball 1-2: Foul Ball, location: 2F 1-2: Foul Ball, location: 2F 1-2: Ball 2-2: Foul Ball, location: 2F 2-2: Foul Ball, location: 2F 2-2: Foul Ball, location: 2F 2-2: Foul Ball, location: 2F 2-2: Strikes out swinging
|
Bottom of the 6th over - 3 run(s), 2 hit(s), 0 error(s), 1 left on base; Hartford 0 - Elkins 8 |
TOP OF THE 7TH |
Hartford Darth Whalers batting - Pitching for Elkins Sting Rays : LHP Cisco Sánchez
|
Batting: LHB Pancho Hernández
|
0-0: Called Strike 0-1: Foul Ball, location: 2F 0-2: Strikes out looking
|
Batting: RHB Lou Hammond
|
0-0: Ball 1-0: Ball 2-0: SINGLE (Groundball, 25) (infield hit)
|
Batting: LHB Alejandro Gómez
|
0-0: Ball 1-0: Called Strike 1-1: Swinging Strike 1-2: Ball 2-2: Strikes out swinging Lou Hammond steals 2nd base Batter strikes out.
|
Batting: RHB Jonathan Holden
|
0-0: Ball 1-0: Called Strike 1-1: Foul Ball, location: 2F 1-2: Ground out 6-3 (Groundball, 6S)
|
Top of the 7th over - 0 run(s), 1 hit(s), 0 error(s), 1 left on base; Hartford 0 - Elkins 8 |
BOTTOM OF THE 7TH |
Elkins Sting Rays batting - Pitching for Hartford Darth Whalers : LHP Michael Young
|
Batting: RHB John Hall
|
0-0: Ball 1-0: Ground out 6-3 (Groundball, 56)
|
Batting: RHB Juan Jose López
|
0-0: SINGLE (Flyball, 8RS)
|
Batting: RHB Tony Pulla
|
0-0: Ball 1-0: Fly out, F4 (Popup, 4D)
|
Batting: RHB Juan González
|
0-0: Called Strike 0-1: Fielders Choice at 2nd, 5-4 (Groundball, 56D)
|
Bottom of the 7th over - 0 run(s), 1 hit(s), 0 error(s), 0 left on base; Hartford 0 - Elkins 8 |
TOP OF THE 8TH |
Hartford Darth Whalers batting - Pitching for Elkins Sting Rays : LHP Cisco Sánchez
|
Now at C: Larry Crawford
|
|
Now at SS: Ron Winston
|
|
Batting: LHB Bill Poe
|
0-0: Swinging Strike 0-1: Ball 1-1: Ball 2-1: Swinging Strike 2-2: Foul Ball, location: 2F 2-2: Foul Ball, location: 2F 2-2: Strikes out swinging
|
Batting: LHB Ryan Billman
|
0-0: Called Strike 0-1: Foul Ball, location: 2F 0-2: Ball 1-2: Foul Ball, location: 2F 1-2: Ball 2-2: Foul Ball, location: 2F 2-2: Foul Ball, location: 2F 2-2: Ball 3-2: Foul Ball, location: 2F 3-2: Fly out, F2 (Popup, 34S)
|
Batting: RHB Chester Mullins
|
0-0: Swinging Strike 0-1: Foul Ball, location: 2F 0-2: Ground out 1-3 (Groundball, P)
|
Top of the 8th over - 0 run(s), 0 hit(s), 0 error(s), 0 left on base; Hartford 0 - Elkins 8 |
BOTTOM OF THE 8TH |
Elkins Sting Rays batting - Pitching for Hartford Darth Whalers : LHP Michael Young
|
Batting: LHB Freddy Torres
|
0-0: SINGLE (Flyball, 8LS) - OUT at second base trying to stretch hit.
|
Batting: RHB Brandon Townsley
|
0-0: Called Strike 0-1: Foul Ball, location: 2F 0-2: Foul Ball, location: 2F 0-2: Ball 1-2: Ball 2-2: Foul Ball, location: 2F 2-2: Foul Ball, location: 2F 2-2: Foul Ball, location: 2F 2-2: Strikes out swinging
|
Batting: RHB Alfonso Sánchez
|
0-0: Ground out 4-3 (Groundball, 4)
|
Bottom of the 8th over - 0 run(s), 1 hit(s), 0 error(s), 0 left on base; Hartford 0 - Elkins 8 |
TOP OF THE 9TH |
Hartford Darth Whalers batting - Pitching for Elkins Sting Rays : LHP Cisco Sánchez
|
Pitching: RHP Rubén Rocha
|
|
Now at 3B: Armando Blanco
|
|
Batting: RHB Raúl Flores
|
0-0: Swinging Strike 0-1: Called Strike 0-2: Ball 1-2: Strikes out swinging
|
Batting: RHB Ryan Thrippleton
|
0-0: Fly out, F8 (Flyball, 8RD)
|
Batting: LHB Pancho Hernández
|
0-0: Ball 1-0: SINGLE (Groundball, 6MD)
|
Batting: RHB Lou Hammond
|
0-0: Foul Ball, location: 2F 0-1: Ball 1-1: Ball 2-1: Called Strike 2-2: Foul Ball, location: 2F 2-2: SINGLE (Groundball, 6MD) Pancho Hernández to second Runner from 2nd tries for 3rd, SAFE, throw made to third Lou Hammond to second
|
Batting: LHB Alejandro Gómez
|
0-0: Swinging Strike 0-1: Ball 1-1: Ball 2-1: Swinging Strike 2-2: Strikes out swinging
|
Top of the 9th over - 0 run(s), 2 hit(s), 0 error(s), 2 left on base; Hartford 0 - Elkins 8 |
|
Tuesday, August 8th, 2017 - OOTP Baseball 17.12 Build 75
|
|